[Event "DVM U14 2021"]
[Site "Willingen"]
[Date "2022.08.13"]
[Round "2"]
[White "von Beckh, Frieda"]
[Black "Englert, Luca"]
[Result "1-0"]
[ECO "B23"]
[WhiteElo "1548"]
[BlackElo "1741"]
[Annotator "NA RC COMBH"]
[PlyCount "99"]
[EventDate "2022.08.12"]
[EventType "team-tourn"]
[EventRounds "7"]
[EventCountry "GER"]
[SourceTitle "playchess.com"]
[Source "ChessBase"]
[SourceQuality "1"]
[TimeControl "40/5400+30:1800+30"]

1. e4 c5 2. Nc3 a6 3. f4 b5 4. Nf3 Bb7 5. d3 e6 6. Be2 d5 7. exd5 exd5 8. d4 Nf6 9. O-O Nc6 10. Kh1 c4 11. Ne5 Be7 12. Bf3 O-O 13. a3 Ne4 14. Nxe4 Nxe5 15. Nf6+ Bxf6 16. dxe5 Be7 17. Be3 Qc7 18. c3 a5 19. Qd2 Rfd8 20. Rad1 Bc6 21. Qd4 Rab8 22. f5 Bf8 23. f6 Rb7 24. Qg4 Qd7 25. fxg7 Bxg7 26. Qg3 Qe6 27. Bf4 b4 28. Rfe1 bxa3 29. Bg5 Qg6 30. Bxd8 axb2 31. Qxg6 hxg6 32. Bxa5 Ba4 33. Rb1 Bc2 34. Bb4 Bxb1 35. Rxb1 Rxb4 36. cxb4 c3 37. Bd1 Bxe5 38. Bc2 Kf8 39. Re1 f6 40. Bxg6 Ke7 41. b5 Kd6 42. Bd3 Kc5 43. h4 Bg3 44. Re6 Bxh4 45. b6 Kd4 46. b7 Bg3 47. Bc2 Bc7 48. Kg1 Kc5 49. Re8 Kd4 50. Kf2 1-0

[Event "DVM U14 2021"]
[Site "Willingen"]
[Date "2022.08.13"]
[Round "2"]
[White "Kommessin, Felix"]
[Black "Sökler, Jakob"]
[Result "1-0"]
[ECO "B14"]
[WhiteElo "1536"]
[BlackElo "1571"]
[Annotator "NA RC COMBH"]
[PlyCount "41"]
[EventDate "2022.08.12"]
[EventType "team-tourn"]
[EventRounds "7"]
[EventCountry "GER"]
[SourceTitle "playchess.com"]
[Source "ChessBase"]
[SourceQuality "1"]
[TimeControl "40/5400+30:1800+30"]

1. e4 c6 2. d4 d5 3. exd5 cxd5 4. c4 Nf6 5. Nc3 g6 6. Bg5 dxc4 7. Bxc4 Bg7 8. Nf3 O-O 9. O-O Bf5 10. Qd2 Ne4 11. Nxe4 Bxe4 12. Rfe1 Bxf3 13. Bxe7 Qc7 14. Bxf8 Bxf8 15. gxf3 Qxc4 16. Rac1 Qd5 17. Rc8 Kg7 18. Rxf8 Nc6 19. Rxa8 Nxd4 20. Qc3 Qd8 21. Qc1 1-0

[Event "DVM U14 2021"]
[Site "Willingen"]
[Date "2022.08.13"]
[Round "2"]
[White "Strauss, Florian"]
[Black "Lichtinger, Simon"]
[Result "0-1"]
[ECO "B07"]
[WhiteElo "1527"]
[BlackElo "1473"]
[Annotator "NA RC COMBH"]
[PlyCount "39"]
[EventDate "2022.08.12"]
[EventType "team-tourn"]
[EventRounds "7"]
[EventCountry "GER"]
[SourceTitle "playchess.com"]
[Source "ChessBase"]
[SourceQuality "1"]
[TimeControl "40/5400+30:1800+30"]

1. e4 d6 2. d4 Nf6 3. Bd3 g6 4. Ne2 Bg7 5. Nbc3 O-O 6. Be3 Ng4 7. Bf4 e5 8. dxe5 dxe5 9. Bg3 Re8 10. h3 Nf6 11. O-O c6 12. Bc4 Qxd1 13. Raxd1 b5 14. Bb3 b4 15. Na4 Nxe4 16. f3 Ba6 17. Rfe1 Bxe2 18. Rf1 Ba6 19. fxe4 Be2 20. Bxf7+ 0-1

[Event "DVM U14 2021"]
[Site "Willingen"]
[Date "2022.08.13"]
[Round "2"]
[White "Spranger, Tobias"]
[Black "Menne, Lukas"]
[Result "1/2-1/2"]
[ECO "D46"]
[WhiteElo "1522"]
[BlackElo "1190"]
[Annotator "NA RC COMBH"]
[PlyCount "57"]
[EventDate "2022.08.12"]
[EventType "team-tourn"]
[EventRounds "7"]
[EventCountry "GER"]
[SourceTitle "playchess.com"]
[Source "ChessBase"]
[SourceQuality "1"]
[TimeControl "40/5400+30:1800+30"]

1. d4 d5 2. c4 e6 3. Nc3 c6 4. Nf3 Nf6 5. e3 Be7 6. Bd3 O-O 7. O-O Nbd7 8. Qc2 dxc4 9. Bxc4 Qc7 10. a3 e5 11. Ne4 exd4 12. exd4 Nxe4 13. Qxe4 Nf6 14. Qe5 Bd6 15. Qe2 Re8 16. Qc2 Bg4 17. Ng5 Bxh2+ 18. Kh1 Bf4 19. Bxf7+ Kh8 20. Bxe8 Rxe8 21. Be3 h6 22. Nf7+ Qxf7 23. Bxf4 Re2 24. Qd3 Qh5+ 25. Kg1 Bf5 26. Qf3 Bg4 27. Qd3 Bf5 28. Qf3 Bg4 29. Qd3 1/2-1/2

[Event "DVM U14 2021"]
[Site "Willingen"]
[Date "2022.08.13"]
[Round "2"]
[White "Stein, Theodor"]
[Black "Freude, Paul"]
[Result "1-0"]
[ECO "B28"]
[WhiteElo "1510"]
[BlackElo "1477"]
[Annotator "NA RC COMBH"]
[PlyCount "97"]
[EventDate "2022.08.12"]
[EventType "team-tourn"]
[EventRounds "7"]
[EventCountry "GER"]
[SourceTitle "playchess.com"]
[Source "ChessBase"]
[SourceQuality "1"]
[TimeControl "40/5400+30:1800+30"]

1. e4 c5 2. c4 g6 3. Nf3 Bg7 4. d4 cxd4 5. Nxd4 Nc6 6. Be3 d6 7. Nc3 a6 8. Qd2 Nf6 9. f3 O-O 10. Be2 Qc7 11. O-O Rd8 12. Rac1 Qb8 13. Rfd1 Nd7 14. Nd5 Re8 15. a3 Nxd4 16. Bxd4 Bxd4+ 17. Qxd4 Nc5 18. Qe3 b6 19. b4 Nd7 20. f4 Bb7 21. Nc3 Qa7 22. Kh1 Rad8 23. Rd3 Qa8 24. Bf3 Nf6 25. Re1 Rc8 26. Na4 Rc7 27. Nxb6 Qb8 28. e5 dxe5 29. fxe5 Bxf3 30. gxf3 Nh5 31. c5 Qa7 32. Red1 a5 33. Rd8 Rxd8 34. Rxd8+ Kg7 35. Ra8 Qb7 36. Rxa5 Rd7 37. Nxd7 Qxd7 38. Kg2 Qf5 39. Kf2 Qh3 40. Ke2 Qg2+ 41. Kd3 Qf1+ 42. Kc3 e6 43. c6 Qa1+ 44. Kc4 Qa2+ 45. Kb5 Qd5+ 46. Kb6 Qd8+ 47. c7 Qc8 48. Qe4 f5 49. Qd4 1-0

[Event "DVM U14 2021"]
[Site "Willingen"]
[Date "2022.08.13"]
[Round "2"]
[White "Eichhorn, Valentin"]
[Black "Schwartz, Oliver"]
[Result "0-1"]
[ECO "E14"]
[WhiteElo "1506"]
[BlackElo "1872"]
[Annotator "NA RC COMBH"]
[PlyCount "108"]
[EventDate "2022.08.12"]
[EventType "team-tourn"]
[EventRounds "7"]
[EventCountry "GER"]
[SourceTitle "playchess.com"]
[Source "ChessBase"]
[SourceQuality "1"]
[TimeControl "40/5400+30:1800+30"]

1. d4 Nf6 2. Nf3 e6 3. e3 c5 4. b3 b6 5. Bd3 Bb7 6. Nbd2 Be7 7. Bb2 d6 8. O-O O-O $11 9. Re1 Nbd7 10. c4 Qc7 11. Rc1 Rfe8 12. Qc2 h6 13. Qb1 Bf8 14. Ne4 Nxe4 15. Bxe4 Be7 16. Bxb7 Qxb7 17. Rcd1 Rad8 18. d5 e5 19. e4 b5 20. Nd2 Rb8 21. Qc2 Rec8 22. cxb5 Qxb5 23. Nc4 Nb6 24. Rb1 Qa6 25. Ba1 Nxc4 26. bxc4 Rb4 27. Bc3 Qxc4 28. Rbc1 Rb6 29. Ba5 Qxc2 30. Rxc2 Rb5 31. Bc3 Rcb8 32. h3 Bd8 33. Ree2 Ba5 34. Bxa5 Rxa5 35. Rb2 Rab5 36. Rxb5 Rxb5 37. Rc2 Kf8 38. Rc4 Rb1+ 39. Kh2 Rb4 40. Rc3 Rxe4 41. Ra3 Rd4 42. Rxa7 Rxd5 43. a4 Rd3 44. a5 Ra3 45. a6 c4 46. Ra8+ Ke7 47. Rc8 d5 48. Rc7+ Kd6 49. Rxf7 Rxa6 50. Rxg7 Rc6 51. Rg6+ Kc5 52. Rg3 Kd4 53. Re3 c3 54. Re1 c2 0-1

[Event "DVM U14 2021"]
[Site "Willingen"]
[Date "2022.08.13"]
[Round "2"]
[White "Wagner, Anton"]
[Black "Fock, Madiha"]
[Result "1/2-1/2"]
[ECO "D02"]
[WhiteElo "1479"]
[BlackElo "1472"]
[Annotator "NA RC COMBH"]
[PlyCount "77"]
[EventDate "2022.08.12"]
[EventType "team-tourn"]
[EventRounds "7"]
[EventCountry "GER"]
[SourceTitle "playchess.com"]
[Source "ChessBase"]
[SourceQuality "1"]
[TimeControl "40/5400+30:1800+30"]

1. Nf3 Nf6 2. d4 d5 3. Bf4 e6 4. e3 c5 5. c3 Nc6 6. Bd3 Be7 7. dxc5 Bxc5 8. O-O O-O 9. Qc2 Re8 10. Bg5 h6 11. Bh4 Be7 12. Nbd2 e5 13. Bxf6 Bxf6 14. e4 Bg4 15. exd5 Bxf3 16. Nxf3 Qxd5 17. Be4 Qb5 18. Rad1 Rad8 19. Rxd8 Rxd8 20. Bxc6 Qxc6 21. Re1 Qd5 22. Qe4 Qxe4 23. Rxe4 Rd1+ 24. Re1 Rxe1+ 25. Nxe1 e4 26. Nc2 Bg5 27. Kf1 Bc1 28. b3 Bb2 29. c4 f5 30. Ke2 Be5 31. h3 Kf7 32. Ne3 Ke6 33. Nd5 g5 34. f3 exf3+ 35. Kxf3 Bd6 36. Nc3 Ke5 37. g4 f4 38. Ne2 Bc5 39. Nc3 1/2-1/2

[Event "DVM U14 2021"]
[Site "Willingen"]
[Date "2022.08.13"]
[Round "2"]
[White "Le, Dinh An"]
[Black "Marcziter, Alex"]
[Result "1/2-1/2"]
[ECO "A90"]
[WhiteElo "1470"]
[BlackElo "1466"]
[Annotator "NA RC COMBH"]
[PlyCount "66"]
[EventDate "2022.08.12"]
[EventType "team-tourn"]
[EventRounds "7"]
[EventCountry "GER"]
[SourceTitle "playchess.com"]
[Source "ChessBase"]
[SourceQuality "1"]
[TimeControl "40/5400+30:1800+30"]

1. d4 f5 2. Nf3 Nf6 3. g3 e6 4. Bg2 c6 5. O-O d5 6. c4 Bd6 7. Nc3 O-O 8. a3 Ne4 9. Qc2 Nd7 10. b4 Ndf6 11. c5 Bc7 12. Rd1 Ng4 13. Rf1 Ngf6 14. h3 Qe8 15. Rb1 Qg6 16. Nh4 Qh5 17. Bf3 Qe8 18. Ng2 Kh8 19. a4 Rg8 20. h4 g5 21. Bxe4 gxh4 22. Bf3 hxg3 23. Bf4 gxf2+ 24. Kxf2 Rxg2+ 25. Kxg2 Bxf4 26. Kf2 Ne4+ 27. Bxe4 fxe4 28. Ke1 e5 29. Nd1 Bg3+ 30. Kd2 exd4 31. Rb3 Be5 32. Kc1 Be6 33. Qd2 Qg6 1/2-1/2

[Event "DVM U14 2021"]
[Site "Willingen"]
[Date "2022.08.13"]
[Round "2"]
[White "Wedekind, Ferdinand"]
[Black "Vollbehr, Bjarne"]
[Result "0-1"]
[ECO "A42"]
[WhiteElo "1446"]
[BlackElo "1654"]
[Annotator "NA RC COMBH"]
[PlyCount "52"]
[EventDate "2022.08.12"]
[EventType "team-tourn"]
[EventRounds "7"]
[EventCountry "GER"]
[SourceTitle "playchess.com"]
[Source "ChessBase"]
[SourceQuality "1"]
[TimeControl "40/5400+30:1800+30"]

1. e4 g6 2. d4 Bg7 3. c4 d6 4. Nc3 Nc6 5. Nf3 e5 6. Be3 Bg4 7. d5 Nce7 8. h3 Bd7 9. Be2 f5 10. Qc2 Nf6 11. O-O f4 12. Bd2 h6 13. Bd3 g5 14. Ne1 h5 15. Qc1 Ng6 16. Nc2 g4 17. hxg4 hxg4 18. f3 g3 19. Re1 Rh2 20. Kf1 Nh5 21. Na3 Nh4 22. Ke2 Bh3 23. Kd1 Bxg2 24. Be2 Nxf3 25. Bxf3 Bxf3+ 26. Kc2 g2 0-1

[Event "DVM U14 2021"]
[Site "Willingen"]
[Date "2022.08.13"]
[Round "2"]
[White "Schaudienst, Arvid"]
[Black "Tran, Anh Duc Kevin"]
[Result "1-0"]
[ECO "B13"]
[WhiteElo "1431"]
[BlackElo "1398"]
[Annotator "NA RC COMBH"]
[PlyCount "67"]
[EventDate "2022.08.12"]
[EventType "team-tourn"]
[EventRounds "7"]
[EventCountry "GER"]
[SourceTitle "playchess.com"]
[Source "ChessBase"]
[SourceQuality "1"]
[TimeControl "40/5400+30:1800+30"]

1. e4 c6 2. d4 d5 3. exd5 cxd5 4. Bd3 Nc6 5. Nf3 Bg4 6. c3 Nf6 7. O-O e6 8. Bf4 Bd6 9. Bxd6 Qxd6 10. Nbd2 O-O 11. Re1 Nd7 12. Bxh7+ Kh8 13. Qc2 Bxf3 14. Nxf3 Rae8 15. Ng5 f5 16. Re3 g6 17. Bxg6 Re7 18. Rae1 Rf6 19. Bf7 Rfxf7 20. Nxf7+ Rxf7 21. Rxe6 Qc7 22. Qe2 Nf6 23. Qf3 Ng4 24. Re8+ Kg7 25. Qh3 Nh6 26. R1e6 Qf4 27. g3 Qc1+ 28. Kg2 Na5 29. Qh5 Rf6 30. R6e7+ Rf7 31. Rxf7+ Nxf7 32. Re7 Kf6 33. Rxf7+ Ke6 34. Qg6# 1-0

[Event "DVM U14 2021"]
[Site "Willingen"]
[Date "2022.08.13"]
[Round "2"]
[White "Gloria, Fabian"]
[Black "Lippmann, Niklas A."]
[Result "1/2-1/2"]
[ECO "C54"]
[WhiteElo "1420"]
[BlackElo "1263"]
[Annotator "NA RC COMBH"]
[PlyCount "124"]
[EventDate "2022.08.12"]
[EventType "team-tourn"]
[EventRounds "7"]
[EventCountry "GER"]
[SourceTitle "playchess.com"]
[Source "ChessBase"]
[SourceQuality "1"]
[TimeControl "40/5400+30:1800+30"]

1. e4 e5 2. Nf3 Nc6 3. Bc4 Bc5 4. O-O Nf6 5. Re1 O-O 6. c3 d6 7. d3 h6 8. Be3 Bb6 9. Nbd2 Bg4 10. Qc2 Re8 11. h3 Bh5 12. b4 a6 13. d4 Bxf3 14. Nxf3 exd4 15. Bxd4 Bxd4 16. Nxd4 Ne5 17. Bb3 c5 18. bxc5 dxc5 19. f4 cxd4 20. fxe5 d3 21. Qd2 Rxe5 22. Qf4 Qc7 23. c4 Rae8 24. Rad1 Qc5+ 25. Kh1 Rxe4 26. Rxe4 Rxe4 27. Qf1 b5 28. cxb5 axb5 29. Rxd3 Qh5 30. Rf3 Qh4 31. Qxb5 Re1+ 32. Rf1 Qf2 33. Bc4 Rxf1+ 34. Bxf1 Qxa2 35. Qb8+ Kh7 36. Bd3+ g6 37. Qd6 Qe6 38. Qg3 Kg7 39. Kh2 Nh5 40. Qf3 Qe5+ 41. g3 Nf6 42. Qe2 Qxe2+ 43. Bxe2 Ne4 44. Kg2 f5 45. g4 Kf6 46. Kf3 Ng5+ 47. Kg3 fxg4 48. hxg4 Ke5 49. Bd3 Kf6 50. Kf4 Ne6+ 51. Kg3 Kg5 52. Be2 Nf4 53. Bd1 Nd5 54. Be2 Ne3 55. Bf3 Nxg4 56. Bxg4 h5 57. Bf3 h4+ 58. Kh3 Kf4 59. Bg4 g5 60. Be6 Kf3 61. Bg4+ Kf2 62. Be6 Kf3 1/2-1/2

[Event "DVM U14 2021"]
[Site "Willingen"]
[Date "2022.08.13"]
[Round "2"]
[White "Bade, Deniz"]
[Black "Aravindan, Midhulan"]
[Result "0-1"]
[ECO "C02"]
[WhiteElo "1414"]
[BlackElo "1642"]
[Annotator "NA RC COMBH"]
[PlyCount "76"]
[EventDate "2022.08.12"]
[EventType "team-tourn"]
[EventRounds "7"]
[EventCountry "GER"]
[SourceTitle "playchess.com"]
[Source "ChessBase"]
[SourceQuality "1"]
[TimeControl "40/5400+30:1800+30"]

1. e4 e6 2. d4 d5 3. e5 c5 4. c3 Qb6 5. Nf3 Nc6 6. Bd3 Bd7 7. dxc5 Bxc5 8. O-O Nge7 9. b4 Nxb4 10. cxb4 Bd4 11. Nxd4 Qxd4 12. Qb3 Qxe5 13. Bb2 Qg5 14. Na3 Ng6 15. Bb5 Bxb5 16. Nxb5 O-O 17. Qe3 Qg4 18. a3 Rac8 19. h3 Qh5 20. Rac1 e5 21. Nd6 Rc6 22. Rxc6 bxc6 23. Rc1 Nf4 24. Rxc6 Qd1+ 25. Kh2 Qf1 26. Qf3 Ne2 27. h4 Qg1+ 28. Kh3 Qh1+ 29. Kg4 h5+ 30. Kg5 f6+ 31. Kf5 Qb1+ 32. Ke6 Nf4+ 33. Ke7 Qxb2 34. g3 Ng6+ 35. Kd7 e4 36. Qxh5 Ne5+ 37. Ke6 Nxc6 38. Kd7 Qe5 0-1

[Event "DVM U14 2021"]
[Site "Willingen"]
[Date "2022.08.13"]
[Round "2"]
[White "Leonard, Etienne Peter"]
[Black "Sun, Christopher"]
[Result "1/2-1/2"]
[ECO "D78"]
[WhiteElo "1373"]
[BlackElo "1091"]
[Annotator "NA RC COMBH"]
[PlyCount "83"]
[EventDate "2022.08.12"]
[EventType "team-tourn"]
[EventRounds "7"]
[EventCountry "GER"]
[SourceTitle "playchess.com"]
[Source "ChessBase"]
[SourceQuality "1"]
[TimeControl "40/5400+30:1800+30"]

1. d4 d5 2. c4 c6 3. Nf3 Nf6 4. g3 g6 5. Bg2 Bg7 6. O-O O-O 7. b3 Bf5 8. Nc3 Nbd7 9. Bf4 Nb6 10. c5 Nbd7 11. Qd2 b6 12. b4 b5 13. a3 a6 14. Rfe1 Re8 15. Rad1 Nf8 16. Qc1 Ne6 17. Bd2 Nd7 18. Bh6 Nf6 19. Bxg7 Nxg7 20. Ne5 Qc8 21. e3 Ng4 22. Nf3 Nf6 23. Qd2 Bg4 24. Ne2 Ne4 25. Qc2 Bf5 26. Qb2 Bh3 27. Bh1 Nh5 28. Nc3 Nhf6 29. Bg2 Nxc3 30. Qxc3 Ne4 31. Qb2 Bxg2 32. Kxg2 Qc7 33. Nd2 Nxd2 34. Qxd2 e5 35. Kg1 e4 36. Qe2 a5 37. Ra1 axb4 38. axb4 f5 39. f3 Qb7 40. Kg2 Rxa1 41. Rxa1 Ra8 42. Qb2 1/2-1/2

[Event "DVM U14 2021"]
[Site "Willingen"]
[Date "2022.08.13"]
[Round "2"]
[White "Klein, Maxim"]
[Black "Yue, Qihang"]
[Result "*"]
[ECO "B13"]
[WhiteElo "1323"]
[BlackElo "1401"]
[Annotator "NA RC COMBH"]
[PlyCount "92"]
[EventDate "2022.08.12"]
[EventType "team-tourn"]
[EventRounds "7"]
[EventCountry "GER"]
[SourceTitle "playchess.com"]
[Source "ChessBase"]
[SourceQuality "1"]
[TimeControl "40/5400+30:1800+30"]

1. d4 Nf6 2. Nf3 e6 3. Bf4 d5 4. e3 c5 5. c3 Nc6 6. Bd3 Bd6 7. Bg3 O-O 8. Nbd2 cxd4 9. exd4 Re8 10. O-O e5 11. dxe5 Nxe5 12. Nxe5 Bxe5 13. Qc2 Bg4 14. Rfe1 Qc7 15. Nb3 Bxg3 16. hxg3 Re7 17. Nd4 Rae8 18. Rxe7 Qxe7 19. Nf5 Qd7 20. Ne3 Bh5 21. a4 Bg6 22. Bxg6 hxg6 23. Rd1 Re4 24. Nxd5 Qxa4 25. Nxf6+ gxf6 26. b3 Qe8 27. Qd2 Re2 28. Qd4 Re1+ 29. Rxe1 Qxe1+ 30. Kh2 Qe5 31. Qxe5 fxe5 32. Kh3 f5 33. Kh4 Kf7 34. Kg5 a5 35. c4 b6 36. Kh6 Kf6 37. Kh7 e4 38. Kh6 g5 39. Kh5 f4 40. gxf4 gxf4 41. Kg4 Ke5 42. g3 f3 43. Kh3 e3 44. fxe3 Ke4 45. Kh2 Kxe3 46. Kg1 Ke2 *

[Event "DVM U14 2021"]
[Site "Willingen"]
[Date "2022.08.13"]
[Round "2"]
[White "Keck, Johannes"]
[Black "Braeutigam, Katerina"]
[Result "0-1"]
[ECO "B15"]
[WhiteElo "1310"]
[BlackElo "1781"]
[Annotator "NA RC COMBH"]
[PlyCount "40"]
[EventDate "2022.08.12"]
[EventType "team-tourn"]
[EventRounds "7"]
[EventCountry "GER"]
[SourceTitle "playchess.com"]
[Source "ChessBase"]
[SourceQuality "1"]
[TimeControl "40/5400+30:1800+30"]

1. e4 c6 2. Nf3 d5 3. Nc3 g6 4. d4 Bg7 5. Be3 dxe4 6. Nxe4 Nf6 7. Nxf6+ exf6 8. Qd2 O-O 9. Be2 Nd7 10. O-O-O Nb6 11. Bh6 Re8 12. Bxg7 Kxg7 13. Rhe1 Be6 14. Kb1 a5 15. h4 h5 16. Nh2 Qd5 17. b3 Qxg2 18. Qf4 Nd5 19. Qg3 Qxg3 20. fxg3 Nc3+ 0-1

[Event "DVM U14 2021"]
[Site "Willingen"]
[Date "2022.08.13"]
[Round "2"]
[White "Wegener, Moritz"]
[Black "Vesszö, Aaron"]
[Result "1-0"]
[ECO "A24"]
[WhiteElo "1202"]
[BlackElo "1306"]
[Annotator "NA RC COMBH"]
[PlyCount "82"]
[EventDate "2022.08.12"]
[EventType "team-tourn"]
[EventRounds "7"]
[EventCountry "GER"]
[SourceTitle "playchess.com"]
[Source "ChessBase"]
[SourceQuality "1"]
[TimeControl "40/5400+30:1800+30"]

1. c4 Nf6 2. Nc3 g6 3. g3 Bg7 4. Bg2 O-O 5. e4 d6 6. Nge2 e5 7. O-O Nh5 8. d3 f5 9. f4 exf4 10. Nxf4 Nxf4 11. Bxf4 Bd4+ 12. Kh1 Nc6 13. Qd2 Be6 14. Bg5 Bf6 15. Bxf6 Qxf6 16. exf5 gxf5 17. Nd5 Qg7 18. Rae1 Rae8 19. Nf4 Qh6 20. Qc3 Qf6 21. Qxf6 Rxf6 22. Nxe6 Rexe6 23. Bd5 Kf7 24. Bxe6+ Rxe6 25. Rxf5+ Kg6 26. Rxe6+ Kxf5 27. Rh6 Nb4 28. Rxh7 Nxd3 29. Rxc7 Nxb2 30. Rxb7 Nxc4 31. Rxa7 d5 32. Kg2 d4 33. Ra4 Ne3+ 34. Kf3 Nc2 35. Ra5+ Ke6 36. Rc5 d3 37. Rc3 Nb4 38. a3 d2 39. Ke2 Nd5 40. Kxd2 Nxc3 41. Kxc3 Kd6 1-0

[Event "DVM U14 2021"]
[Site "Willingen"]
[Date "2022.08.13"]
[Round "2"]
[White "Dickel, Karl-Joachim"]
[Black "Rudolph, Alexander"]
[Result "0-1"]
[ECO "C55"]
[WhiteElo "1178"]
[BlackElo "1417"]
[Annotator "NA RC COMBH"]
[PlyCount "90"]
[EventDate "2022.08.12"]
[EventType "team-tourn"]
[EventRounds "7"]
[EventCountry "GER"]
[SourceTitle "playchess.com"]
[Source "ChessBase"]
[SourceQuality "1"]
[TimeControl "40/5400+30:1800+30"]

1. e4 e5 2. Nf3 Nc6 3. Bc4 Nf6 4. Nc3 Nxe4 5. Bxf7+ Kxf7 6. Nxe4 h6 7. d3 d5 8. Nc3 Bc5 9. Qe2 Re8 10. O-O Kg8 11. Re1 Bg4 12. h3 Bxf3 13. Qxf3 Rf8 14. Qxd5+ Qxd5 15. Nxd5 Bxf2+ 16. Kf1 Bxe1+ 17. Kxe1 Nd4 18. Ne3 c6 19. c3 Nf5 20. Nxf5 Rxf5 21. Ke2 Raf8 22. Be3 b6 23. g4 Rf3 24. Rh1 Rg3 25. Bf2 Rg2 26. Rf1 g5 27. Ke1 Rh2 28. Bg3 Rxh3 29. Rxf8+ Kxf8 30. Kf2 Kf7 31. Kg2 Rxg3+ 32. Kxg3 Ke6 33. Kf3 Kd5 34. b3 b5 35. a3 c5 36. Ke3 c4 37. dxc4+ bxc4 38. bxc4+ Kxc4 39. Ke4 Kxc3 40. Kxe5 Kd3 41. a4 a5 42. Kd5 Ke3 43. Kc5 Kf4 44. Kb5 Kxg4 45. Kxa5 h5 0-1

[Event "DVM U14 2021"]
[Site "Willingen"]
[Date "2022.08.14"]
[Round "3"]
[White "Krüger, Arthur"]
[Black "Bolz, Jannis"]
[Result "1/2-1/2"]
[ECO "B01"]
[WhiteElo "1996"]
[BlackElo "1616"]
[Annotator "TA"]
[PlyCount "46"]
[EventDate "2022.08.12"]
[EventType "team-tourn"]
[EventRounds "7"]
[EventCountry "GER"]
[SourceTitle "playchess.com"]
[Source "ChessBase"]
[SourceQuality "1"]
[TimeControl "40/5400+30:1800+30"]

1. e4 d5 2. exd5 Qxd5 3. Nc3 Qd8 4. d4 Nf6 5. Nf3 g6 6. Bf4 {[%emt 0:02:23] B01: Scandinavian Defence.} Bg7 7. Qd2 O-O 8. O-O-O {[%emt 0:02:01] White is slightly better.} a6 9. h3 {[%emt 0:02:09] [#] White is more active.} (9. Be2 $14) 9... b5 $146 ({Predecessor:} 9... e6 10. Bh6 b6 11. Bxg7 Kxg7 12. Ne5 Bb7 13. Ng4 Nbd7 14. Kb1 Qe7 15. f3 Rfd8 {1-0 (66) Rudolf,M (1912)-Grabe,L (1650) Playchess.com INT 2020}) 10. g4 (10. a3 $11) 10... Bb7 11. Bg2 Nbd7 12. Ne1 (12. a3 $11 {remains equal.}) 12... Bxg2 $17 13. Nxg2 e6 (13... b4 $5 14. Ne2 a5 $11) 14. f3 Qc8 (14... c5 $15 15. dxc5 Qa5) 15. h4 (15. Bh6 $14) 15... h5 $2 (15... Qb7 $1 $15 {stays ahead.}) 16. gxh5 (16. Bh6 {with more complications.} c6 17. Ne4 Qc7 18. Kb1) 16... Nxh5 17. Bh6 Qb7 (17... c6 $14) 18. Bxg7 $1 $18 Kxg7 {[%emt 0:00:10] [#]} 19. Ne4 ({Better is} 19. Nf4 $1 $16 {[%cal Rf4h5] Strongly threatening Nxh5+.} Rh8 20. d5 Nxf4 21. Qxf4) 19... Ndf6 ({Black should try} 19... Qc6 $14) 20. Nf4 Rh8 {[%emt 0:01:03] [#]} 21. Ng5 ({Only move:} 21. Nxf6 $1 $18 Kxf6 22. d5) 21... Qc6 (21... Nxf4 $15 22. Qxf4 c6) 22. Nxh5+ $2 (22. Nd3 $1 $14 {keeps the upper hand.} Nd7 23. Kb1) 22... Rxh5 $17 23. Qf4 Qd6 {[%emt 0:02:10] Weighted Error Value: White=0.56/Black=0.60} 1/2-1/2

[Event "DVM U14 2021"]
[Site "Willingen"]
[Date "2022.08.14"]
[Round "3"]
[White "Schwartz, Oliver"]
[Black "Malinowsky, Levi"]
[Result "1/2-1/2"]
[ECO "D85"]
[WhiteElo "1872"]
[BlackElo "1814"]
[Annotator "NA RC"]
[PlyCount "42"]
[EventDate "2022.08.12"]
[EventType "team-tourn"]
[EventRounds "7"]
[EventCountry "GER"]
[SourceTitle "playchess.com"]
[Source "ChessBase"]
[SourceQuality "1"]
[TimeControl "40/5400+30:1800+30"]

1. d4 Nf6 2. c4 g6 3. Nc3 d5 4. cxd5 Nxd5 5. e4 Nxc3 6. bxc3 Bg7 7. Nf3 c5 8. Be3 Nc6 9. Qd2 Qa5 10. Rd1 ({Better is} 10. Rb1 $11) 10... Bg4 11. Bc4 e6 12. O-O ({Don't blunder} 12. dxc5 $2 Bxc3 13. Rc1 Bxd2+ $19) 12... O-O-O 13. Qb2 Rd7 14. d5 exd5 15. Rxd5 Rxd5 16. Bxd5 Bxc3 17. Qb3 Qb4 18. Bxf7 Qxb3 19. axb3 Rf8 (19... Bxf3 $11 20. gxf3 b6) 20. Ng5 (20. Bd5 $14) 20... b6 (20... Bd4 $1 $11) 21. Bd5 Nd4 $16 (21... h6 $14 {was preferrable.}) 1/2-1/2

[Event "DVM U14 2021"]
[Site "Willingen"]
[Date "2022.08.14"]
[Round "3"]
[White "Bungarten, Jona"]
[Black "von Beckh, Frieda"]
[Result "1-0"]
[ECO "B21"]
[WhiteElo "1834"]
[BlackElo "1548"]
[Annotator "NA RC"]
[PlyCount "95"]
[EventDate "2022.08.12"]
[EventType "team-tourn"]
[EventRounds "7"]
[EventCountry "GER"]
[SourceTitle "playchess.com"]
[Source "ChessBase"]
[SourceQuality "1"]
[TimeControl "40/5400+30:1800+30"]

1. e4 c5 2. d4 cxd4 3. c3 dxc3 4. Nxc3 Nc6 5. Nf3 d6 6. Bc4 e6 7. O-O Nf6 8. Qe2 Be7 9. Rd1 e5 10. Be3 Bg4 11. Rd2 (11. h3 $5 Be6 12. Bb5 $11) 11... O-O 12. Rad1 a6 13. h3 Bh5 14. g4 Bg6 15. Bg5 b5 (15... Ne8 $11 {is more appropriate.} 16. Bxe7 Qxe7) 16. Bxf6 Bxf6 17. Rxd6 Qc7 {[%emt 0:03:21] [#]} 18. Rd7 ({Better is} 18. Rxc6 $1 $14 Qxc6 19. Bd5) 18... Qc8 19. Nd5 $2 Nd4 20. Nxd4 Qxd7 {[%emt 0:01:12] [#]} 21. Nxb5 $1 Qc6 22. Nxf6+ Qxf6 23. Nc7 Rac8 24. Nd5 Qe6 (24... Qh4 $1 $11 {keeps the balance.}) 25. Bxa6 Rb8 26. Bc4 Rfc8 27. b3 Rd8 28. a4 Qd6 29. a5 Kf8 30. a6 f6 31. g5 Bf7 32. gxf6 gxf6 33. Qe3 Kg7 34. Kh2 Kh8 35. Kh1 Bxd5 36. Rxd5 Qc7 (36... Qa3 $142 37. Qf3 Kg7 38. Qg3+ (38. Rxd8 Rxd8 39. Qg3+ Kh8 $16) 38... Kh8) 37. a7 Ra8 38. Rxd8+ Rxd8 39. Bd5 Qa5 40. b4 Qa4 41. a8=Q Rxa8 42. Bxa8 Qxa8 43. b5 f5 44. b6 fxe4 45. Kh2 Qd5 46. Qc3 e3 47. Qxe3 $18 (47. Qc8+ $142 Kg7 48. b7 Qf3 49. Qc7+ Kh6 50. Qd6+ Kh5 51. Qxe5+ Kg6 52. Qd6+ Kg7 53. Qc7+ Kh6 54. Qb6+ Kg7 55. Qb2+ Kf7 56. fxe3) 47... e4 48. Qf4 1-0